[Event "Portugal Open 2019"]
[Site "Lisbon"]
[Date "2019.02.09"]
[Round "9.13"]
[White "Li, Xueyi"]
[Black "Iniyan, P."]
[Result "1/2-1/2"]
[ECO "E91"]
[WhiteElo "2217"]
[BlackElo "2480"]
[Annotator "ChessBase"]
[PlyCount "209"]
[EventDate "2019.01.25"]
[EventType "swiss"]
[EventCountry "POR"]
[SourceTitle "playchess.com"]
[Source "ChessBase"]
[SourceQuality "1"]
[TimeControl "5400+30"]

1. d4 Nf6 2. c4 g6 3. Nc3 Bg7 4. e4 d6 5. Be2 O-O 6. Nf3 Nbd7 7. O-O e5 8. Be3 Ng4 9. Bg5 f6 10. Bd2 Nh6 11. b4 Nf7 12. c5 dxc5 13. dxc5 c6 14. Qb3 Qe7 15. Rad1 Re8 16. Be3 Nf8 17. Nd2 f5 18. exf5 gxf5 19. f3 Ne6 20. Bc4 Kh8 21. Rfe1 Qf6 22. Bf2 Nfg5 23. Bf1 Nf4 24. h4 Be6 25. Qc2 Nf7 26. Ne2 Nd5 27. a3 a5 28. bxa5 Rxa5 29. Nc4 Ra7 30. Nc3 Nf4 31. Ne2 Nd5 32. Nc3 Rg8 33. Nxd5 Bxd5 34. Ne3 Be6 35. Bc4 f4 36. Ng4 Qe7 37. h5 Rxa3 38. h6 Bf6 39. Bxe6 Qxe6 40. Qb2 Rb3 41. Qd2 Ng5 42. Qd7 Qxd7 43. Rxd7 Nxf3+ 44. gxf3 Rxf3 45. Kg2 Rb3 46. Rf7 Rxg4+ 47. Kf1 Bh4 48. Rf8+ Rg8 49. Rxg8+ Kxg8 50. Bxh4 Rh3 51. Bf6 Rxh6 52. Bxe5 Rh3 53. Kg2 Rb3 54. Bxf4 Rb5 55. Be3 Kf7 56. Kf3 b6 57. cxb6 c5 58. Rh1 Rxb6 59. Rxh7+ Ke8 60. Bxc5 Rf6+ 61. Ke4 Rf7 62. Rh5 Kd7 63. Kd5 Rg7 64. Bd4 Rf7 65. Be5 Ke7 66. Rh6 Kd7 67. Rd6+ Ke7 68. Rb6 Kd7 69. Rb7+ Ke8 70. Rb8+ Kd7 71. Ra8 Ke7 72. Bd6+ Kf6 73. Rg8 Kf5 74. Rg1 Ra7 75. Rf1+ Kg5 76. Be5 Ra5+ 77. Ke4 Ra4+ 78. Bd4 Kg4 79. Rg1+ Kh4 80. Rg8 Rb4 81. Ke3 Kh5 82. Be5 Rg4 83. Rh8+ Kg6 84. Bf4 Kf5 85. Rh5+ Ke6 86. Ke4 Rg1 87. Rh6+ Ke7 88. Kf5 Kd7 89. Rd6+ Kc8 90. Be5 Kb7 91. Rh6 Re1 92. Ke6 Kc6 93. Rh7 Rg1 94. Rc7+ Kb5 95. Kd5 Rg5 96. Rb7+ Ka5 97. Rb1 Rh5 98. Ke4 Ka6 99. Kd4 Rg5 100. Kd5 Ka5 101. Kd6 Ka4 102. Bd4 Rb5 103. Rh1 Kb3 104. Rb1+ Kc4 105. Rxb5 1/2-1/2

[Event "Portugal Open 2019"]
[Site "Lisbon"]
[Date "2019.02.09"]
[Round "9.14"]
[White "Pastar, Slaven"]
[Black "Kadric, Denis"]
[Result "0-1"]
[ECO "A21"]
[WhiteElo "2330"]
[BlackElo "2545"]
[Annotator "ChessBase"]
[PlyCount "84"]
[EventDate "2019.01.25"]
[EventType "swiss"]
[EventCountry "POR"]
[SourceTitle "playchess.com"]
[Source "ChessBase"]
[SourceQuality "1"]
[TimeControl "5400+30"]

1. c4 e5 2. Nc3 d6 3. g3 Be7 4. Bg2 c6 5. e4 f5 6. d3 fxe4 7. dxe4 Be6 8. c5 dxc5 9. Qh5+ Bf7 10. Qxe5 Nf6 11. Bf4 O-O 12. Rd1 Qe8 13. Nf3 Na6 14. O-O Bc4 15. Bh3 Bxf1 16. Bxf1 Nh5 17. Qe6+ Kh8 18. Rd7 Nxf4 19. Qxe7 Qxe7 20. Rxe7 Ng6 21. Rxb7 Rxf3 22. Bxa6 Ne5 23. Be2 Rf7 24. Rxf7 Nxf7 25. f4 Rd8 26. Kf2 Rd2 27. Na4 c4 28. e5 Kg8 29. Ke3 c3 30. Nxc3 Rxb2 31. h3 Kf8 32. Bf3 Nd8 33. f5 Nf7 34. e6 Ne5 35. Be4 Ke7 36. Kd4 Kd6 37. Bb1 Rb4+ 38. Ke3 Nc4+ 39. Kf4 Nd2+ 40. Ne4+ Kd5 41. e7 Nxe4 42. e8=Q Nf6+ {[%emt 0:00:12] Ke5+ Kxe5} 0-1

[Event "Portugal Open 2019"]
[Site "Lisbon"]
[Date "2019.02.09"]
[Round "9.15"]
[White "Pacan-Milej, Kosma"]
[Black "Butkiewicz, Lukasz"]
[Result "0-1"]
[ECO "A85"]
[WhiteElo "2273"]
[BlackElo "2445"]
[Annotator "NA RC"]
[PlyCount "76"]
[EventDate "2019.01.25"]
[EventType "swiss"]
[EventCountry "POR"]
[SourceTitle "playchess.com"]
[Source "ChessBase"]
[SourceQuality "1"]
[TimeControl "5400+30"]

1. d4 f5 2. c4 Nf6 3. Nc3 d6 4. Bg5 e6 5. e3 Be7 6. Nf3 O-O 7. Bd3 Nc6 8. d5 Ne5 9. dxe6 Bxe6 10. Nd4 Qd7 11. O-O c6 12. Rc1 Kh8 13. b3 Rad8 14. Bb1 $14 g6 15. Qe2 Nfg4 16. Bxe7 Qxe7 17. f4 Nd7 18. h3 Ngf6 19. e4 fxe4 20. Nxe4 Bg8 21. Ng5 Qxe2 22. Nxe2 d5 23. f5 gxf5 24. Bxf5 dxc4 25. Nf4 Nc5 26. bxc4 Rfe8 27. Rfe1 a5 28. g4 h6 29. Nf3 Nfe4 30. Nh4 Bf7 31. Rcd1 Rxd1 32. Rxd1 Kg7 33. Rd4 Kf6 34. Nf3 a4 35. a3 Ng5 36. Kg2 Re3 37. Nh4 Ke5 38. Rd8 Kxf4 0-1

[Event "Portugal Open 2019"]
[Site "Lisbon"]
[Date "2019.02.09"]
[Round "9.16"]
[White "Srinath, Rao S.V."]
[Black "Napoli, Nicolo"]
[Result "1/2-1/2"]
[ECO "B12"]
[WhiteElo "2437"]
[BlackElo "2316"]
[Annotator "ChessBase"]
[PlyCount "38"]
[EventDate "2019.01.25"]
[EventType "swiss"]
[EventCountry "POR"]
[SourceTitle "playchess.com"]
[Source "ChessBase"]
[SourceQuality "1"]
[TimeControl "5400+30"]

1. e4 c6 2. d4 d5 3. e5 c5 4. dxc5 e6 5. Nf3 Bxc5 6. a3 Ne7 7. Bd3 Ng6 8. b4 Be7 9. O-O Qc7 10. Bxg6 fxg6 11. Nbd2 a5 12. b5 Nd7 13. Bb2 O-O 14. Rc1 Nc5 15. c4 Rd8 16. cxd5 Rxd5 17. Qe2 Qd8 18. Nc4 Nd3 19. Rc3 Bc5 1/2-1/2

[Event "Portugal Open 2019"]
[Site "Lisbon"]
[Date "2019.02.09"]
[Round "9.17"]
[White "Korley, Kassa"]
[Black "Sande Edreira, Jose Antonio"]
[Result "1-0"]
[ECO "E91"]
[WhiteElo "2426"]
[BlackElo "2244"]
[Annotator "NA RC"]
[PlyCount "101"]
[EventDate "2019.01.25"]
[EventType "swiss"]
[EventCountry "POR"]
[SourceTitle "playchess.com"]
[Source "ChessBase"]
[SourceQuality "1"]
[TimeControl "5400+30"]

1. d4 Nf6 2. Nf3 g6 3. c4 Bg7 4. Nc3 O-O 5. e4 d6 6. Be2 {[%emt 0:00:02] LiveBook: 40180 Games} c5 7. O-O cxd4 8. Nxd4 Nc6 9. Be3 Bd7 10. Qd2 Nxd4 11. Bxd4 Bc6 12. f3 a5 13. b3 Nd7 14. Bxg7 Kxg7 15. Kh1 {[%emt 0:00:07] B38: Sicilian: Maroczy Bind with 5...Bg7 and 7...0-0} Qb6 16. Rab1 Qc5 (16... Nc5 17. a3 Nxb3 18. Qb2 a4 19. Nd5+ Qd4 20. Nxe7 Rfe8 21. Nxc6 bxc6 22. Rfd1 Qxb2 23. Rxb2 {0-1 (39) Bologan,V (2607)-Iturrizaga Bonelli,E (2641) Berlin 2015}) 17. f4 Nf6 18. Bf3 a4 $146 ({Predecessor:} 18... Rac8 19. Rbe1 Rfd8 20. Qb2 e5 21. f5 {½-½ (40) Molchanova,T (2285)-Korbut,E (2319) St Petersburg 2004}) 19. Rfc1 axb3 20. axb3 Kg8 21. b4 Qxc4 22. b5 Bxe4 23. Nxe4 Nxe4 24. Qe1 $18 (24. Rxc4 $2 {is the wrong capture.} Nxd2 25. Rcc1 Nxb1 $19) 24... Nf2+ 25. Qxf2 Qxf4 26. Qe2 Rab8 27. Qxe7 b6 28. Bc6 Qe5 29. Re1 Qxe7 30. Rxe7 Kg7 31. Rf1 Rbc8 32. g4 h5 33. g5 h4 34. Kg2 d5 35. Rd1 Rfd8 36. Rd4 Rd6 37. Kh3 Re6 38. Rxe6 fxe6 39. Kxh4 Kf7 40. Kg4 Ke7 41. h4 Kd6 42. Rf4 Rg8 43. Rf6 d4 44. Be4 Ke5 45. Bd3 Rc8 46. Bxg6 Rc1 47. Bf7 Rg1+ 48. Kh5 d3 49. Rxe6+ Kf4 50. Rd6 Ke3 51. Bc4 {[%emt 0:01:06] Kd4} 1-0

[Event "Portugal Open 2019"]
[Site "Lisbon"]
[Date "2019.02.09"]
[Round "9.18"]
[White "Chylewski, Patryk"]
[Black "Sukandar, Irine Kharisma"]
[Result "1-0"]
[ECO "D25"]
[WhiteElo "2304"]
[BlackElo "2397"]
[Annotator "NA"]
[PlyCount "89"]
[EventDate "2019.01.25"]
[EventType "swiss"]
[EventCountry "POR"]
[SourceTitle "playchess.com"]
[Source "ChessBase"]
[SourceQuality "1"]
[TimeControl "5400+30"]

1. d4 d5 2. c4 dxc4 3. Nf3 Nf6 4. e3 a6 5. Bxc4 b5 6. Bb3 e6 7. O-O Bb7 8. a4 b4 9. a5 Be7 10. Qe2 O-O 11. Rd1 Nbd7 12. Nbd2 c5 13. Nc4 Qc7 14. Bd2 Bd5 15. dxc5 Nxc5 16. Bc2 b3 17. Bb1 Bc6 18. Nd4 Bb7 19. Bb4 Rfd8 20. Nb6 Rab8 21. Rc1 e5 22. Nxb3 Qc6 23. f3 Nxb3 24. Rxc6 Bxb4 25. Ra4 Rd2 26. Qc4 Rd1+ 27. Kf2 Be1+ 28. Ke2 Rbd8 29. Bd3 Rd2+ 30. Kxe1 Bxc6 31. Qxc6 R2xd3 32. Nc4 h5 33. h4 e4 34. Kf2 exf3 35. gxf3 Rd1 36. Ra3 Nd2 37. Qxa6 Nxc4 38. Qxc4 R8d2+ 39. Kg3 Rg1+ 40. Kf4 Nd5+ 41. Ke5 Ne7 42. a6 Ng6+ 43. Ke4 Kh7 44. a7 Nxh4 45. Qxf7 1-0

[Event "Portugal Open 2019"]
[Site "Lisbon"]
[Date "2019.02.09"]
[Round "9.19"]
[White "Kaasen, Tor Fredrik"]
[Black "Lisowski, Krzysztof"]
[Result "1/2-1/2"]
[ECO "A18"]
[WhiteElo "2387"]
[BlackElo "2135"]
[Annotator "NA"]
[PlyCount "119"]
[EventDate "2019.01.25"]
[EventType "swiss"]
[EventCountry "POR"]
[SourceTitle "playchess.com"]
[Source "ChessBase"]
[SourceQuality "1"]
[TimeControl "5400+30"]

1. c4 Nf6 2. Nc3 e6 3. e4 d5 4. e5 d4 5. exf6 dxc3 6. bxc3 Qxf6 7. d4 Nd7 8. Nf3 h6 9. Bd3 c5 10. O-O Bd6 11. Nd2 Qe7 12. Ne4 Bc7 13. Qf3 O-O 14. Ba3 b6 15. Nxc5 Nxc5 16. dxc5 bxc5 17. Rab1 Rb8 18. Rxb8 Bxb8 19. Rb1 Bd6 20. g3 f5 21. Bf1 Qc7 22. Bg2 Rd8 23. Qc6 Qxc6 24. Bxc6 Ba6 25. Bb5 Rb8 26. Rd1 Rb6 27. Bc1 Be5 28. a4 Bxc3 29. Be3 Bxb5 30. Rd8+ Kh7 31. axb5 Bd4 32. Bxd4 cxd4 33. Ra8 d3 34. Kf1 Rb7 35. Rc8 Kg6 36. f4 Kf7 37. Ke1 Ke7 38. Kd2 Rd7 39. Rc6 Kf6 40. c5 Rb7 41. b6 axb6 42. Rxb6 Rc7 43. Rb5 Rd7 44. Rb3 Rd5 45. Rb5 Ke7 46. Rb7+ Kf6 47. c6 Rc5 48. c7 Rc6 49. Kxd3 g6 50. Kd4 h5 51. Kd3 Rc5 52. h3 Rc6 53. Ke3 Rc1 54. Kf3 Rc3+ 55. Ke2 Rc6 56. Kf2 Rc2+ 57. Ke3 Rc3+ 58. Kd4 Rc1 59. Ra7 Rc2 60. Rb7 {[%emt 0:00:32] Ke5+ Ke4+} 1/2-1/2

[Event "Portugal Open 2019"]
[Site "Lisbon"]
[Date "2019.02.09"]
[Round "9.20"]
[White "Chinguun, Sumiya"]
[Black "Plichta, Kamil"]
[Result "0-1"]
[ECO "B03"]
[WhiteElo "2286"]
[BlackElo "2347"]
[Annotator "NA"]
[PlyCount "56"]
[EventDate "2019.01.25"]
[EventType "swiss"]
[EventCountry "POR"]
[SourceTitle "playchess.com"]
[Source "ChessBase"]
[SourceQuality "1"]
[TimeControl "5400+30"]

1. e4 Nf6 2. e5 Nd5 3. d4 d6 4. c4 Nb6 5. f4 g5 6. Nc3 gxf4 7. Bxf4 dxe5 8. Bxe5 Rg8 9. Qd3 Nc6 10. Qxh7 Nxe5 11. dxe5 Rg7 12. Qc2 c6 13. c5 Nd7 14. O-O-O Qa5 15. e6 Nxc5 16. exf7+ Rxf7 17. Bc4 Rf6 18. Qe2 Bf5 19. Nf3 Bh6+ 20. Nd2 O-O-O 21. Rhf1 Rfd6 22. Rxf5 Rxd2 23. Rxd2 Rxd2 24. Be6+ Kd8 25. Qxd2+ Bxd2+ 26. Kxd2 Qb4 27. Bb3 Qd4+ 28. Ke1 Qg1+ 0-1

[Event "Portugal Open 2019"]
[Site "Lisbon"]
[Date "2019.02.09"]
[Round "9.21"]
[White "Martin Duque, Jesus"]
[Black "Ranaldi, Lucas"]
[Result "0-1"]
[ECO "B12"]
[WhiteElo "2393"]
[BlackElo "2229"]
[Annotator "NA"]
[PlyCount "109"]
[EventDate "2019.01.25"]
[EventType "swiss"]
[EventCountry "POR"]
[SourceTitle "playchess.com"]
[Source "ChessBase"]
[SourceQuality "1"]
[TimeControl "5400+30"]

1. e4 c6 2. d4 d5 3. e5 Bf5 4. Nf3 e6 5. Be2 c5 6. Be3 cxd4 7. Nxd4 Ne7 8. c3 Nbc6 9. f4 Nxd4 10. Bxd4 Nc6 11. Be3 h5 12. O-O h4 13. Nd2 Be7 14. Nf3 Rc8 15. b4 a6 16. Rc1 g6 17. a4 Kf8 18. a5 Kg7 19. Qb3 Bg4 20. Qb2 Qd7 21. Rfd1 Rhd8 22. Bf2 Rh8 23. h3 Bxf3 24. Bxf3 Rhd8 25. Bb6 Rh8 26. Rb1 Bd8 27. Bf2 Ne7 28. Be2 Qc6 29. Rbc1 b5 30. axb6 Bxb6 31. Bd3 Qb7 32. Ra1 Bxf2+ 33. Kxf2 Qb6+ 34. Ke2 Nf5 35. Bxf5 gxf5 36. Rd4 Rh6 37. Rad1 Rg6 38. Kf1 Rg3 39. R1d3 Qb5 40. Qd2 Kh6 41. Kg1 Rcg8 42. Rxg3 Rxg3 43. Kf2 Qc6 44. Rd3 d4 45. Rxg3 hxg3+ 46. Kf1 Qc4+ 47. Ke1 dxc3 48. Qd8 Qe4+ 49. Kd1 Qd5+ 50. Qxd5 exd5 51. Kc2 d4 52. Kd3 Kg7 53. Kc2 Kf8 54. Kd3 Ke7 55. Kxd4 0-1

[Event "Portugal Open 2019"]
[Site "Lisbon"]
[Date "2019.02.09"]
[Round "9.22"]
[White "Garcia Dorado, Alberto"]
[Black "Damaso, Rui"]
[Result "1/2-1/2"]
[ECO "A40"]
[WhiteElo "2223"]
[BlackElo "2439"]
[Annotator "NA"]
[PlyCount "88"]
[EventDate "2019.01.25"]
[EventType "swiss"]
[EventCountry "POR"]
[SourceTitle "playchess.com"]
[Source "ChessBase"]
[SourceQuality "1"]
[TimeControl "5400+30"]

1. d4 Nf6 2. c4 e6 3. g3 c5 4. Nf3 cxd4 5. Nxd4 d5 6. Bg2 e5 7. Nf3 d4 8. O-O Nc6 9. e3 Bc5 10. exd4 exd4 11. Bg5 O-O 12. Nbd2 h6 $11 13. Bxf6 Qxf6 14. Ne4 Qe7 15. Nxc5 Qxc5 16. b3 Bg4 17. h3 Bh5 18. Qd2 Rad8 19. Rfe1 Rd6 20. g4 Bg6 21. Nh4 d3 22. Nxg6 fxg6 23. Bxc6 bxc6 24. Re3 h5 25. Rg3 hxg4 26. hxg4 Qd4 27. Rd1 Re6 28. Rxd3 Qxg4+ 29. Rg3 Qh5 30. Re1 Ref6 31. Rg2 Rf3 32. Qe2 R8f6 33. Qe8+ Kh7 34. Rh2 Rh3 35. Rxh3 Qxh3 36. Re3 Qf5 37. Re2 Qg4+ 38. Kf1 Qh3+ 39. Ke1 Qc3+ 40. Kf1 Qh3+ 41. Ke1 Qh1+ 42. Kd2 Rd6+ 43. Kc3 c5 44. Kb2 Qh4 1/2-1/2

[Event "Portugal Open 2019"]
[Site "Lisbon"]
[Date "2019.02.09"]
[Round "9.23"]
[White "Rego, Pedro Filipe"]
[Black "Campora, Daniel H."]
[Result "1/2-1/2"]
[ECO "C47"]
[WhiteElo "2228"]
[BlackElo "2419"]
[Annotator "NA"]
[PlyCount "98"]
[EventDate "2019.01.25"]
[EventType "swiss"]
[EventCountry "POR"]
[SourceTitle "playchess.com"]
[Source "ChessBase"]
[SourceQuality "1"]
[TimeControl "5400+30"]

1. e4 e5 2. Nf3 Nc6 3. Nc3 Nf6 4. a3 d6 5. Bc4 Be7 6. d3 O-O 7. h3 Be6 8. Nd5 {[%emt 0:01:18] C55: Two Knights: 4 d3, 4 d4 exd4 5 e5 and Max Lange Attack} Bxd5 9. exd5 Nd4 10. Nxd4 exd4 11. O-O Nd7 12. Bd2 Bf6 13. f4 (13. a4 a5 14. g3 Qc8 15. Kg2 c6 {0-1 (66) Salomon,J (2477)-Jones,G (2677) Batumi 2018}) 13... c6 $146 ({Predecessor:} 13... g6 14. Be1 c5 15. dxc6 bxc6 {1-0 (44) Markovic,M (2319)-Arsenovic,M (2120) Belgrade 2016}) 14. Qf3 b5 15. Bb3 c5 16. a4 a6 17. axb5 axb5 18. Qg4 Qc7 19. Kh2 h6 20. Rfe1 g6 $15 21. Qe2 Kg7 22. Qf1 Bh4 23. g3 Bf6 24. h4 h5 25. Kg2 Rfe8 26. Rxe8 Rxe8 27. Ra6 Nb8 28. Ra1 Qd7 29. Re1 Rc8 30. c3 dxc3 31. Bxc3 Qf5 32. Qe2 Nd7 33. Qe4 b4 34. Qxf5 gxf5 35. Bxf6+ Nxf6 36. Ba4 Rc7 37. Bc6 Ra7 38. Kf3 Ra2 39. Rb1 Ng8 40. Bb5 Nf6 41. Bc4 Ra7 42. Ke3 Ng4+ 43. Kd2 Kf6 44. Re1 Ra8 45. Re2 Ra7 46. Bb3 Ra1 47. Re1 Ra8 48. Re2 Ra1 49. Re1 Ra8 1/2-1/2

[Event "Portugal Open 2019"]
[Site "Lisbon"]
[Date "2019.02.09"]
[Round "9.25"]
[White "Alvarez Serrano, Carlos"]
[Black "Di Nicolantonio, Lucas"]
[Result "0-1"]
[ECO "A89"]
[WhiteElo "2201"]
[BlackElo "2364"]
[Annotator "NA"]
[PlyCount "94"]
[EventDate "2019.01.25"]
[EventType "swiss"]
[EventCountry "POR"]
[SourceTitle "playchess.com"]
[Source "ChessBase"]
[SourceQuality "1"]
[TimeControl "5400+30"]

1. Nf3 d6 2. d4 g6 3. g3 Bg7 4. Bg2 f5 5. c4 Nf6 6. Nc3 O-O 7. O-O Nc6 8. d5 Ne5 9. Nd2 c5 10. f4 Neg4 11. Nb3 Bd7 12. h3 Nh6 13. Nd2 a6 14. a4 b6 15. Nf3 Nf7 16. Qd3 Rb8 17. Re1 Re8 18. Kh2 e5 19. dxe6 Bxe6 20. Ng5 Nxg5 21. fxg5 Nd7 22. Nd5 Ne5 23. Qc2 Kh8 24. Bd2 b5 25. axb5 axb5 26. cxb5 Rxb5 27. Ra2 c4 28. Nc3 Rb8 29. Nd5 Rb5 30. Nc3 Rb8 31. Nd5 Bxd5 32. Bxd5 Qb6 33. Kg2 Qd4 34. e4 Nd3 35. Re2 Qxd5 36. exd5 Rxe2+ 37. Kf1 Rbe8 38. Ra3 Rf2+ 39. Kg1 Bd4 40. Qxc4 Rf4+ 41. Qxd4+ Rxd4 42. Bc3 Ree4 43. Ra4 Ne5 44. Bxd4 Rxd4 45. Rxd4 Nf3+ 46. Kf2 Nxd4 47. b4 Kg7 0-1

[Event "Portugal Open 2019"]
[Site "Lisbon"]
[Date "2019.02.09"]
[Round "9.26"]
[White "Miedema, David"]
[Black "Palozza, Christian"]
[Result "1-0"]
[ECO "B12"]
[WhiteElo "2356"]
[BlackElo "2237"]
[Annotator "NA"]
[PlyCount "143"]
[EventDate "2019.01.25"]
[EventType "swiss"]
[EventCountry "POR"]
[SourceTitle "playchess.com"]
[Source "ChessBase"]
[SourceQuality "1"]
[TimeControl "5400+30"]

1. e4 c6 2. d4 d5 3. e5 c5 4. dxc5 e6 5. Qg4 Nd7 6. Nf3 h5 7. Qf4 Nxc5 8. b4 Ne4 9. a3 a5 10. b5 Qc7 11. Bd3 g5 12. Qe3 g4 13. Bxe4 dxe4 14. Nfd2 Qxe5 15. Ra2 Bh6 16. Qe2 e3 17. fxe3 Qxe3 18. Bb2 Rh7 19. Nc4 Qxe2+ 20. Kxe2 f6 21. Nc3 e5 22. Nb6 Rb8 23. Ne4 Be6 24. c4 Rd8 25. Bc3 Rc7 26. Bxa5 Bxc4+ 27. Nxc4 Rxc4 28. Ng3 Ra8 29. Bb6 Ne7 30. Rd1 Kf7 31. Rd7 Ke6 32. Rxb7 h4 33. Rxe7+ Kxe7 34. Nf5+ Ke6 35. Nxh6 Rb8 36. Bf2 Rxb5 37. Bxh4 Ra4 38. Rc2 Rxa3 39. Rc6+ Kd5 40. Rc2 Ke6 41. Rc6+ Kd5 42. Rc2 Ke6 43. Be1 f5 44. Rc6+ Kd5 45. Rf6 Ra2+ 46. Kf1 Rb1 47. Nxf5 Raa1 48. Ne3+ Kc5 49. Nc2 Ra2 50. Rf8 Kc4 51. Rc8+ Kb3 52. Ne3 Ra4 53. Rb8+ Ka2 54. Rxb1 Kxb1 55. Bc3 Kc1 56. Ke2 e4 57. Bd2+ Kb2 58. Nxg4 Kb3 59. Ne3 Ra8 60. h4 Rh8 61. Be1 Ka4 62. g4 Kb5 63. h5 Kc6 64. Bc3 Rh7 65. Nf5 Kd5 66. Bg7 Ke6 67. Ke3 Kf7 68. Kxe4 Ke6 69. Kf4 Kf7 70. Kg5 Kg8 71. Kg6 Rxh5 72. Ne7# 1-0

[Event "Portugal Open 2019"]
[Site "Lisbon"]
[Date "2019.02.09"]
[Round "9.27"]
[White "Costa, Paulo"]
[Black "Rocha, Sergio"]
[Result "0-1"]
[ECO "A04"]
[WhiteElo "2200"]
[BlackElo "2354"]
[Annotator "NA"]
[PlyCount "102"]
[EventDate "2019.01.25"]
[EventType "swiss"]
[EventCountry "POR"]
[SourceTitle "playchess.com"]
[Source "ChessBase"]
[SourceQuality "1"]
[TimeControl "5400+30"]

1. Nf3 c5 2. g3 Nc6 3. Bg2 d5 4. O-O e5 5. d3 Bd6 6. e4 d4 7. Nbd2 Nge7 8. Nc4 Bc7 9. a4 f6 10. Ne1 Be6 11. Bh3 Bf7 12. f4 Ng6 13. b3 a6 14. fxe5 Ngxe5 15. Bf4 O-O 16. Nxe5 Bxe5 17. Qd2 b6 18. Nf3 Re8 19. Bxe5 Nxe5 20. Nxe5 Rxe5 21. Qf4 b5 22. axb5 axb5 23. Qg4 c4 24. bxc4 bxc4 25. Qd7 Qxd7 26. Bxd7 Rd8 27. Bg4 c3 28. Rf5 Rb8 29. Rxe5 fxe5 30. Kf1 h5 31. Bd1 g6 32. h4 Be6 33. Ke1 Kf7 34. Be2 Rb2 35. Bd1 Ba2 36. g4 hxg4 37. Bxg4 Ke7 38. Bd1 Kd6 39. Kf2 Kc5 40. Kg3 Kb4 41. Kg4 Ka3 42. Kg5 Rb6 43. h5 gxh5 44. Kf5 Rb5 45. Bxh5 Kb2 46. Rg1 Kxc2 47. Rg2+ Kb1 48. Be8 Ra5 49. Rg7 c2 50. Rb7+ Ka1 51. Rc7 Kb2 0-1

[Event "Portugal Open 2019"]
[Site "Lisbon"]
[Date "2019.02.09"]
[Round "9.28"]
[White "Newrkla, Katharina"]
[Black "Tryggestad, Andreas Garberg"]
[Result "1/2-1/2"]
[ECO "B48"]
[WhiteElo "2180"]
[BlackElo "2351"]
[Annotator "NA"]
[PlyCount "108"]
[EventDate "2019.01.25"]
[EventType "swiss"]
[EventCountry "POR"]
[SourceTitle "playchess.com"]
[Source "ChessBase"]
[SourceQuality "1"]
[TimeControl "5400+30"]

1. e4 c5 2. Nf3 e6 3. d4 cxd4 4. Nxd4 Nc6 5. Nc3 Qc7 6. Be3 Nf6 7. f4 Nxd4 8. Bxd4 Qxf4 9. g3 Qc7 10. e5 Nd5 11. Nxd5 exd5 12. Bd3 Bc5 13. Qg4 Bxd4 14. Qxd4 O-O 15. O-O-O d6 16. Rhe1 Be6 17. exd6 Qxd6 18. Re5 Rac8 19. Rg5 g6 20. Rf1 Qb6 21. Qh4 Qe3+ 22. Kb1 Kg7 23. Qf4 Qxf4 24. gxf4 Kf6 25. h4 h6 26. Re5 Rfe8 27. Kc1 Bh3 28. Rfe1 Rxe5 29. Rxe5 Be6 30. Kd2 d4 31. Ra5 a6 32. Be4 Bc4 33. Re5 b6 34. b3 Be6 35. Bb7 Rc3 36. Bxa6 Rh3 37. Re4 Rxh4 38. Rxd4 Rh2+ 39. Kc3 h5 40. a4 h4 41. b4 h3 42. Bb7 g5 43. fxg5+ Kxg5 44. a5 bxa5 45. bxa5 Bf5 46. Rd2 Rxd2 47. Kxd2 h2 48. Ke3 Bc8 49. Bd5 Kf5 50. Kf2 Ke5 51. Bf3 Kd4 52. Kg2 Kc3 53. Be4 Kb4 54. Kxh2 Kxa5 1/2-1/2

[Event "Portugal Open 2019"]
[Site "Lisbon"]
[Date "2019.02.09"]
[Round "9.29"]
[White "Gu, Xiaobing"]
[Black "Carlsson, Ludvig"]
[Result "1-0"]
[ECO "C02"]
[WhiteElo "2326"]
[BlackElo "2217"]
[Annotator "NA"]
[PlyCount "67"]
[EventDate "2019.01.25"]
[EventType "swiss"]
[EventCountry "POR"]
[SourceTitle "playchess.com"]
[Source "ChessBase"]
[SourceQuality "1"]
[TimeControl "5400+30"]

1. e4 e6 2. d4 d5 3. e5 c5 4. c3 Qb6 5. Nf3 Nc6 6. a3 c4 7. Nbd2 Na5 8. Be2 Bd7 9. O-O Ne7 10. Rb1 h6 11. Re1 Qc7 12. Nf1 Nc8 13. h4 Nb6 14. Bf4 Be7 15. Qc1 Ba4 16. h5 O-O-O 17. Bh2 Rdg8 18. Qf4 Bd8 19. N3d2 Bg5 20. Qg3 g6 21. f4 Be7 22. Ne3 gxh5 23. Qh3 h4 24. Bh5 Be8 25. f5 Qc6 26. Nf3 Nb3 27. Re2 Na4 28. Rf1 Bg5 29. Nxh4 Qb6 30. Kh1 Nxd4 31. cxd4 Qxd4 32. fxe6 fxe6 33. Qxe6+ Bd7 34. Nhf5 1-0

[Event "Portugal Open 2019"]
[Site "Lisbon"]
[Date "2019.02.09"]
[Round "9.30"]
[White "Fus, Jakub"]
[Black "Santos, Jose Guilherme B Li"]
[Result "1-0"]
[ECO "A45"]
[WhiteElo "2326"]
[BlackElo "2191"]
[Annotator "NA"]
[PlyCount "121"]
[EventDate "2019.01.25"]
[EventType "swiss"]
[EventCountry "POR"]
[SourceTitle "playchess.com"]
[Source "ChessBase"]
[SourceQuality "1"]
[TimeControl "5400+30"]

1. d4 Nf6 2. Bg5 d5 3. e3 c5 4. Bxf6 gxf6 5. c4 cxd4 6. exd4 Nc6 7. Nc3 dxc4 8. d5 Ne5 9. Bxc4 Nxc4 10. Qa4+ Bd7 11. Qxc4 Qb6 12. Nge2 Bh6 13. O-O Rg8 14. Qe4 f5 15. Qf3 O-O-O 16. a4 Kb8 17. a5 Qd6 18. Nd4 Qf4 19. Qxf4+ Bxf4 20. a6 b6 21. Rfe1 Bd6 22. Ncb5 Bxb5 23. Nxb5 Bc5 24. Red1 Rg4 25. Rd2 Rb4 26. Nc3 Bd4 27. Re1 Bf6 28. d6 e6 29. Red1 Bxc3 30. bxc3 Ra4 31. Rd3 Rxa6 32. Rh3 Rxd6 33. Rf1 Ra3 34. Rxh7 Rxc3 35. Rxf7 Rc7 36. Rf6 a5 37. h4 Rh7 38. g3 a4 39. Rb1 Ka7 40. Rb4 Ka6 41. Rxa4+ Kb5 42. Ra1 Rhd7 43. Re1 Kc4 44. Rexe6 Rxe6 45. Rxe6 b5 46. Rc6+ Kd4 47. Rb6 Kc4 48. f3 b4 49. Kg2 b3 50. g4 Rd5 51. g5 f4 52. g6 Rd2+ 53. Kh3 Kc3 54. g7 Rd8 55. h5 b2 56. h6 Rd6 57. h7 Rxb6 58. h8=Q b1=Q 59. g8=Q+ Kd2 60. Qd4+ Ke1 61. Qgg1+ 1-0

[Event "Portugal Open 2019"]
[Site "Lisbon"]
[Date "2019.02.09"]
[Round "9.31"]
[White "Tscharotschkin, Michael"]
[Black "Shailesh, Dravid"]
[Result "1/2-1/2"]
[ECO "B22"]
[WhiteElo "2178"]
[BlackElo "2324"]
[Annotator "NA"]
[PlyCount "83"]
[EventDate "2019.01.25"]
[EventType "swiss"]
[EventCountry "POR"]
[SourceTitle "playchess.com"]
[Source "ChessBase"]
[SourceQuality "1"]
[TimeControl "5400+30"]

1. e4 c5 2. c3 Nf6 3. e5 Nd5 4. d4 cxd4 5. cxd4 Nc6 6. Nf3 d6 7. Bc4 Nb6 8. Bb5 dxe5 9. Nxe5 Bd7 10. Nc3 e6 11. O-O Be7 12. Qf3 O-O 13. Rd1 Rc8 14. Be3 Be8 15. Qh3 f5 16. Nxc6 Bxc6 17. Bxc6 bxc6 18. Bf4 Bf6 19. Qe3 Re8 20. Be5 Bg5 21. Qe2 Qe7 22. f4 Bf6 23. Rd3 Rcd8 24. Rad1 Nd5 25. Nxd5 Rxd5 26. Rc3 Bxe5 27. dxe5 Rxd1+ 28. Qxd1 Rd8 29. Qb3 Qd7 30. g3 Kf7 31. Qc2 Qd4+ 32. Kg2 g5 33. fxg5 Qxe5 34. Rxc6 Qe3 35. Rd6 Rxd6 36. Qc7+ Kg6 37. Qxd6 Kxg5 38. Qd8+ Kg6 39. Qe8+ Kh6 40. Qf8+ Kg6 41. Qg8+ Kh6 42. Qf8+ 1/2-1/2

[Event "Portugal Open 2019"]
[Site "Lisbon"]
[Date "2019.02.09"]
[Round "9.32"]
[White "Godzwon, Iwo"]
[Black "Borges, Guilherme Deola"]
[Result "1-0"]
[ECO "E04"]
[WhiteElo "2322"]
[BlackElo "2181"]
[Annotator "NA"]
[PlyCount "55"]
[EventDate "2019.01.25"]
[EventType "swiss"]
[EventCountry "POR"]
[SourceTitle "playchess.com"]
[Source "ChessBase"]
[SourceQuality "1"]
[TimeControl "5400+30"]

1. d4 Nf6 2. c4 e6 3. g3 d5 4. Nf3 dxc4 5. Bg2 a6 6. O-O b5 7. b3 cxb3 8. axb3 Bb7 9. Nbd2 Be7 10. Bb2 Nbd7 11. Qc2 Rc8 12. Rfd1 c5 13. Qb1 O-O 14. dxc5 Bxc5 15. Ng5 Bxg2 16. Kxg2 Qb6 17. Nde4 h6 18. Bxf6 hxg5 19. Rxd7 Qc6 20. Bxg7 f5 21. Bxf8 Rxf8 22. Qc1 Qxe4+ 23. Kg1 Bxf2+ 24. Kxf2 f4 25. g4 Qe5 26. Qc2 Qe3+ 27. Kg2 f3+ 28. Kh1 1-0